Map: Frost LE

Players

ShoWTimE - Winner!

  • Race: Protoss Protoss
  • League: Master

Elazer

  • Race: Zerg Zerg
  • League: Master

Event: DreamHack ZOWIE Open Valencia 2016

VOD

https://www.youtube.com/watch?v=QVXvN6JfWjo

Description

Time

  • Played on: July 15, 2016, 10:18 a.m.
  • Length: 14:05

All games in this series

Show
View Real Time Build Order
Export as new Build Order

ShoWTimE Protoss - Winner!

Build Orders: 1 Gate Expand, Phoenix Opening 

Get SALT Encoding   

  12  0:00  Probe (Chrono Boost)  
  13  0:11  Probe (Chrono Boost)  
  14  0:18  Pylon  
  14  0:22  Probe (Chrono Boost)  
  15  0:36  Probe (Chrono Boost)  
  15  0:39  Gateway  
  16  0:47  Assimilator  
  16  0:48  Probe (Chrono Boost)  
  17  0:59  Probe (Chrono Boost)  
  18  1:09  Probe (Chrono Boost)  
  19  1:22  Nexus  
  19  1:25  Probe (Chrono Boost)  
  20  1:35  Cybernetics Core  
  20  1:39  Probe (Chrono Boost)  
  21  1:47  Assimilator  
  21  1:49  Probe (Chrono Boost)  
  22  1:54  Pylon  
  22  2:00  Probe (Chrono Boost)  
  23  2:09  Adept  
  23  2:12  Warp Gate  
  23  2:14  Probe (Chrono Boost)  
  26  2:26  Probe (Chrono Boost)  
  27  2:34  Stargate  
  27  2:36  Adept, Probe (Chrono Boost)  
  28  2:40  Probe (Chrono Boost)  
  31  2:46  Probe (Chrono Boost)  
  33  2:52  Probe (Chrono Boost)  
  33  2:53  Pylon  
  33  2:57  Probe (Chrono Boost)  
  34  3:05  Probe (Chrono Boost)  
  35  3:06  Adept  
  35  3:08  Probe (Chrono Boost)  
  38  3:16  Phoenix  
  38  3:18  Mothership Core (Chrono Boost), Probe (Chrono Boost)  
  43  3:29  Probe (Chrono Boost)  
  43  3:31  Pylon  
  43  3:33  Adept  
  46  3:38  Probe (Chrono Boost)  
  46  3:40  Phoenix  
  47  3:45  Probe (Chrono Boost)  
  50  3:50  Probe (Chrono Boost)  
  50  3:55  Probe (Chrono Boost)  
  52  4:00  Nexus  
  52  4:02  Pylon, Probe (Chrono Boost)  
  53  4:05  Phoenix  
  53  4:06  Probe (Chrono Boost)  
  56  4:15  Probe (Chrono Boost)  
  58  4:17  Probe (Chrono Boost)  
  58  4:23  Gateway  
  58  4:24  Gateway  
  58  4:27  Probe x2 (Chrono Boost)  
  58  4:31  Assimilator  
  60  4:34  Phoenix, Assimilator  
  63  4:39  Probe (Chrono Boost)  
  63  4:40  Probe (Chrono Boost)  
  64  4:51  Probe (Chrono Boost)  
  65  4:54  Pylon, Probe (Chrono Boost)  
  65  4:55  Phoenix  
  68  5:03  Probe (Chrono Boost)  
  68  5:06  Robotics Facility  
  69  5:07  Probe (Chrono Boost)  
  69  5:13  Pylon  
  71  5:16  Probe (Chrono Boost)  
  71  5:17  Probe (Chrono Boost)  
  71  5:19  Probe (Chrono Boost)  
  73  5:24  Assimilator, Twilight Council  
  73  5:26  Assimilator  
  73  5:27  Phoenix  
  73  5:28  Probe x2 (Chrono Boost)  
  75  5:29  Probe (Chrono Boost)  
  78  5:38  Probe (Chrono Boost)  
  78  5:40  Robotics Facility, Probe x2 (Chrono Boost)  
  81  5:42  Forge  
  81  5:49  Probe (Chrono Boost)  
  82  5:51  Probe (Chrono Boost)  
  82  5:52  Probe (Chrono Boost)  
  82  5:53  Pylon, Observer  
  85  5:59  Probe (Chrono Boost)  
  85  6:01  Charge  
  85  6:02  Probe (Chrono Boost)  
  85  6:03  Protoss Ground Weapons Level 1  
  86  6:04  Probe (Chrono Boost)  
  86  6:09  Templar Archives  
  86  6:10  Probe (Chrono Boost)  
  87  6:13  Sentry, Zealot x2, Probe (Chrono Boost)  
  94  6:20  Warp Prism  
  94  6:24  Photon Cannon  
  96  6:33  Immortal  
  96  6:37  Psionic Storm  
  96  6:41  Zealot x3  
  96  6:44  Pylon  
  100  6:56  Immortal  
  100  6:59  Photon Cannon, Pylon  
  104  7:08  Gateway  
  104  7:10  Gateway  
  104  7:11  Gateway  
  104  7:12  Zealot x3  
  110  7:19  Immortal  
  106  7:29  Pylon  
  106  7:30  Gateway  
  106  7:36  Gateway  
  106  7:38  Pylon, Immortal  
  106  7:39  Zealot x2  
  114  7:49  Pylon  
  114  7:50  Blink  
  114  7:53  High Templar  
  116  7:59  Pylon  
  116  8:00  High Templar  
  116  8:03  Zealot  
  120  8:07  Archon  
  120  8:11  Zealot  
  120  8:12  Protoss Ground Weapons Level 2  
  116  8:18  Immortal  
  120  8:24  Photon Cannon  
  120  8:27  High Templar  
  120  8:28  High Templar x3  
  120  8:29  Pylon  
  120  8:31  Pylon  
  120  8:32  Pylon, Archon x2  
  126  8:37  Zealot, High Templar x2  
  132  8:43  Archon  
  132  8:45  Photon Cannon  
  132  8:48  Pylon  
  132  8:53  Dark Shrine  
  132  8:54  Zealot  
  134  9:01  High Templar x2  
  134  9:02  Zealot x3  
  144  9:05  Archon  
  144  9:10  Pylon, Nexus  
  144  9:13  Pylon, Gateway  
  143  9:25  Stalker x5  
  143  9:26  Stalker  
  155  9:45  Nexus  
  155  9:47  Pylon  
  155  9:48  Pylon  
  155  9:50  Pylon  
  155  9:52  Pylon, Zealot  
  155  9:53  Zealot x4  
  155  9:56  Immortal  
  157  10:01  Immortal  
  165  10:11  Dark Templar x2  
  169  10:15  Pylon  
  162  10:26  Zealot x2  
  162  10:27  Zealot x5  
  172  10:30  Immortal  
  174  10:40  Immortal  
  158  10:43  High Templar x2  
  158  10:49  Protoss Ground Weapons Level 3  
  162  10:50  High Templar x2  
  164  10:57  Nexus  
  164  11:04  Immortal  
  164  11:05  Pylon  
  164  11:11  Fleet Beacon  
  168  11:14  Zealot x2  
  168  11:18  Zealot  
  174  11:20  Zealot  
  174  11:24  Zealot  
  176  11:27  Zealot  
  176  11:32  Pylon  
  178  11:40  High Templar x2  
  180  11:54  Archon  
  180  11:55  Stargate  
  180  11:58  Tempest  
  170  12:10  Zealot x6  
  170  12:15  Immortal  
  182  12:39  Immortal  
  182  12:42  High Templar x3  
  182  12:43  High Templar  
  178  12:49  Assimilator  
  178  12:53  Pylon, Assimilator  
  178  12:55  Pylon  
  178  12:57  Pylon  
  178  13:02  High Templar x2  
  178  13:04  Zealot x3  
  181  13:10  Immortal  
  143  13:20  Dark Templar  
  143  13:24  Zealot x4  
  147  13:34  Zealot x2  
  147  13:35  Zealot  
  151  13:43  Zealot  
  143  14:01  High Templar x2  
Show
View Real Time Build Order
Export as new Build Order

Elazer Zerg 

Build Orders: Hatch First 

Get SALT Encoding   

  12  0:00  Drone  
  13  0:12  Overlord  
  13  0:17  Drone  
  14  0:31  Drone x2  
  14  0:35  Drone  
  17  0:52  Hatchery  
  17  0:55  Drone  
  17  0:57  Drone  
  18  1:08  Extractor  
  17  1:12  Spawning Pool  
  17  1:15  Drone  
  17  1:19  Drone  
  18  1:28  Drone  
  19  1:39  Overlord  
  19  1:50  Drone  
  20  1:59  Queen  
  20  2:00  Drone  
  23  2:04  Zergling x2, Queen  
  23  2:07  Metabolic Boost  
  26  2:11  Drone  
  26  2:15  Drone  
  28  2:23  Drone  
  28  2:26  Drone  
  30  2:37  Hatchery  
  30  2:40  Drone  
  30  2:46  Pneumatized Carapace  
  30  2:48  Zergling x2  
  31  2:52  Overlord  
  31  2:55  Drone  
  31  2:57  Drone  
  33  3:00  Drone  
  33  3:05  Overlord  
  33  3:07  Drone  
  33  3:09  Drone  
  33  3:11  Drone  
  36  3:13  Drone  
  36  3:15  Drone  
  36  3:18  Drone  
  39  3:20  Drone  
  39  3:23  Drone  
  39  3:25  Drone  
  42  3:30  Queen  
  44  3:35  Drone x2  
  44  3:38  Baneling Nest  
  44  3:41  Evolution Chamber  
  44  3:44  Overlord  
  44  3:46  Drone  
  44  3:48  Drone  
  46  3:50  Drone  
  46  3:53  Drone  
  49  3:55  Queen  
  49  3:58  Queen  
  53  4:03  Overlord  
  53  4:04  Drone  
  53  4:06  Zergling x2  
  53  4:09  Zerg Melee Weapons Level 1  
  55  4:11  Zergling x4  
  55  4:15  Overlord  
  57  4:21  Extractor  
  57  4:22  Drone x3  
  57  4:23  Zergling x2, Baneling Nest  
  59  4:26  Drone x2  
  59  4:29  Drone x2  
  63  4:34  Drone, Spore Crawler  
  63  4:40  Queen  
  63  4:41  Overlord  
  63  4:44  Drone x2  
  67  4:48  Drone x2  
  67  4:49  Drone  
  67  4:51  Drone x2  
  70  4:53  Drone  
  70  4:55  Drone x2  
  70  4:59  Spore Crawler x2  
  71  5:01  Drone  
  71  5:02  Overlord  
  71  5:04  Drone  
  73  5:08  Lair  
  73  5:18  Overlord  
  73  5:19  Zergling x2  
  73  5:20  Zergling x14  
  78  5:29  Drone x3  
  78  5:32  Drone  
  78  5:33  Drone, Extractor x2  
  78  5:35  Drone  
  81  5:37  Drone  
  81  5:40  Drone x2  
  81  5:42  Overlord, Hatchery  
  82  5:43  Drone  
  82  5:45  Drone  
  82  5:48  Overlord  
  84  5:51  Drone  
  84  5:53  Evolution Chamber, Drone x2  
  86  5:57  Overlord  
  86  6:02  Drone x3  
  85  6:06  Overlord  
  85  6:07  Centrifical Hooks, Zerg Melee Weapons Level 2  
  86  6:11  Drone  
  86  6:12  Zergling x6  
  86  6:14  Overlord  
  86  6:18  Zergling x6  
  91  6:23  Zergling x2, Overlord  
  91  6:24  Zergling x4  
  87  6:41  Zergling x16  
  87  6:46  Overlord x2  
  93  6:48  Baneling  
  93  6:49  Zergling x4, Baneling x4  
  94  6:56  Overlord  
  94  6:59  Drone  
  94  7:00  Drone  
  94  7:01  Zergling x2, Zerg Ground Armor Level 1, Infestation Pit  
  96  7:02  Zergling x8  
  96  7:05  Overlord  
  97  7:18  Zergling x2  
  97  7:19  Zergling x10  
  95  7:26  Zergling x4  
  95  7:27  Zergling x12  
  95  7:28  Baneling x3  
  101  7:33  Overlord  
  101  7:40  Zergling x8  
  101  7:41  Zergling x6  
  101  7:42  Hive  
  108  7:48  Overlord  
  108  7:49  Zergling x4  
  106  7:56  Baneling  
  106  7:57  Baneling x11  
  106  7:58  Zergling x2  
  106  7:59  Zergling x14  
  106  8:04  Overlord  
  112  8:06  Zergling x14  
  112  8:15  Overlord  
  112  8:17  Drone x3  
  112  8:18  Drone  
  112  8:22  Drone  
  112  8:24  Lair  
  112  8:26  Drone x2  
  113  8:27  Drone x2  
  113  8:29  Drone  
  113  8:31  Overlord  
  114  8:37  Drone x2  
  114  8:38  Drone x2  
  114  8:39  Spore Crawler, Extractor  
  114  8:40  Overlord x2  
  116  8:43  Overlord  
  115  8:56  Ultralisk Cavern  
  115  8:58  Drone, Extractor  
  115  8:59  Extractor  
  115  9:01  Zerg Melee Weapons Level 3  
  114  9:04  Zerg Ground Armor Level 2  
  114  9:07  Hatchery  
  113  9:11  Drone  
  113  9:12  Drone x2  
  113  9:13  Adrenal Glands  
  113  9:16  Hatchery  
  114  9:19  Overlord  
  114  9:22  Overlord  
  114  9:23  Drone x3  
  116  9:24  Extractor  
  116  9:27  Drone x3  
  116  9:31  Zergling x16  
  119  9:35  Overlord  
  119  9:37  Extractor  
  125  9:43  Overlord x3  
  124  9:46  Queen x3  
  124  9:48  Chitinous Plating  
  130  9:53  Overlord  
  128  10:01  Hatchery  
  120  10:09  Overlord  
  120  10:10  Zergling x32  
  133  10:16  Baneling  
  133  10:17  Baneling x7  
  133  10:20  Drone x2  
  133  10:21  Drone x3  
  135  10:22  Drone  
  135  10:24  Drone  
  135  10:33  Overseer x2  
  110  10:44  Ultralisk x2  
  110  10:45  Viper x2  
  110  10:46  Viper  
  131  10:50  Viper  
  134  11:03  Ultralisk  
  140  11:13  Ultralisk  
  140  11:17  Ultralisk  
  152  11:19  Zergling x2  
  152  11:20  Zergling x22  
  152  11:23  Zerg Missile Weapons Level 1  
  164  11:30  Zergling x4, Ultralisk  
  172  11:37  Zergling x12  
  172  11:38  Zergling x2  
  172  11:39  Baneling x3  
  179  11:40  Baneling  
  179  11:41  Zergling x2  
  180  11:52  Overlord  
  178  11:57  Zergling x10  
  178  11:58  Zergling x8  
  186  12:05  Hatchery  
  183  12:09  Baneling x7  
  183  12:12  Baneling x7  
  183  12:14  Overseer x2  
  183  12:17  Baneling x8  
  183  12:22  Baneling x6  
  157  12:41  Zergling x2  
  157  12:42  Zergling x20  
  157  12:52  Ultralisk  
  163  13:05  Zergling x14  
  139  13:22  Zergling x10  
  119  13:53  Hatchery  

Tags
 
Add a new tag
Caveats
  • Supply blocks, unpowered buildings, or Contaminate may cause inaccurate times.
  • Supply counts are checked every 10 seconds.